 Dungeon Crawl Stone Soup version 0.26-a0-667-g92642533e4 (webtiles) character file.

Game seed: 17193150513921313571

137 Alcibiades the Skirmisher (level 5, -4/49 HPs)
             Began as a Palentonga Delver on Oct 17, 2020.
             Slain by a gnoll
             ... wielding a +2 vorpal flail
              (9 damage)
             ... on level 1 of the Dungeon.
             The game lasted 00:07:29 (2547 turns).

Alcibiades the Skirmisher (Palentonga Delver)       Turns: 2547, Time: 00:07:30

Health: -4/49      AC:  4    Str: 16    XL:     5   Next: 0%
Magic:  5/5        EV:  9    Int: 11    God:
Gold:   58         SH:  3    Dex: 11    Spells: 4/4 levels left

rFire    . . .     SeeInvis +   a - +0 hand axe
rCold    . . .     Faith    .   n - +0 buckler
rNeg     . . .     Spirit   .   b - +0 leather armour
rPois    .         Reflect  .   (no helmet)
rElec    .         Harm     .   (no cloak)
rCorr    .         Rampage  .   (no gloves)
MR       .....                  (no barding)
Stlth    ++........             (no amulet)
HPRegen  0.16/turn              (no ring)
MPRegen  0.09/turn              (no ring)

@: no status effects
A: large, rugged brown scales 3, see invisible, deformed body, roll, armoured
tail
a: Rolling Charge


You were on level 1 of the Dungeon.
You visited 1 branch of the dungeon, and saw 5 of its levels.

You collected 58 gold pieces.

Inventory:

Hand Weapons
 a - a +0 hand axe (weapon)
Missiles
 o - 34 stones (quivered)
Armour
 b - a +0 leather armour (worn)
 n - a +0 buckler (worn)
Jewellery
 i - an uncursed ring of protection from fire {unknown}
Wands
 g - a wand of digging (3)
Scrolls
 c - a scroll of fog
 d - 2 scrolls of magic mapping
 e - a scroll of fear
 h - 2 scrolls of identify {unknown}
 j - 2 scrolls of enchant armour {unknown}
 k - a scroll of immolation {unknown}
 p - a scroll of remove curse {unknown}
Potions
 f - a potion of haste
 l - a potion of heal wounds {unknown}
 m - a potion of cancellation {unknown}


   Skills:
 * Level 3.9 Fighting
 * Level 3.3 Axes
 + Level 2.2 Dodging
 - Level 3.6 Stealth
 + Level 0.6 Shields


You had 4 spell levels left.
You didn't know any spells.
Your spell library was empty.

Dungeon Overview and Level Annotations

Branches:
Dungeon (5/15)
 Temple: D:4-7

Altars:

Annotations:
D:3 exclusion: adder


Innate Abilities, Weirdness & Mutations

You are completely covered in rugged brown scales. (AC +3, +7% HP)
You have supernaturally acute eyesight. (SInv)
Armour fits poorly on your strangely shaped body.
You can roll at foes to attack.
You have a long armoured tail.


Message History

There is an escape hatch in the ceiling here.
Things that are here:
a +0 whip; a gnoll corpse The gnoll hits you with a +2 vorpal flail!
* * * LOW HITPOINT WARNING * * *
x2 A mysterious force pulls you upwards.
The hatch slams shut behind you.
Unknown command.
There's nothing you can charge at!
You hit the gnoll.
The gnoll is lightly wounded.
The gnoll hits you but does no damage.
You closely miss the gnoll.
Your tail-slap misses the gnoll.
The gnoll is lightly wounded.
The gnoll hits you but does no damage.
You barely miss the gnoll.
The gnoll is lightly wounded.
You hit the gnoll.
The gnoll is moderately wounded.
The gnoll hits you with a +2 vorpal flail!
You die...

#####.###.# #.# #........##
........).# #.####.........###
#####.##..# ###.#...†........#.##
# #†##..# #...................# #
#.##..# #.#.#.##............. #
#.....# #.#.#.##..[....##...# #
####.## #.#.......#...####.## #
#.# #.###.###.##### #.# # #.#
#...@.....# #.# # #.# #####g#####
##'## #.### #.# ##>..# # ###.#.##
#.#### ##..... ## ##.#..#.#
#.##.## ##......
.####...##.######.#...####.......
.'.......................'.......
.#.##..........##.....####.......
##.###..##.###.####..## ##......


You could see a gnoll.

Vanquished Creatures
  A centaur skeleton (D:4)
  2 adders
  3 gnolls (D:2)
  An adder skeleton (D:5)
  2 dart slugs (D:2)
  4 leopard geckos
  2 giant cockroaches
  8 goblins
  4 hobgoblins
  3 kobolds
  2 ball pythons (D:1)
  7 bats
  7 frilled lizards
  10 rats
56 creatures vanquished.

Notes
Turn   | Place    | Note
-------+----------+-------------------------------------------
     0 | D:5      | Alcibiades the Palentonga Delver began the quest for the
                  | Orb.
     0 | D:5      | Reached XP level 1. HP: 20/20 MP: 1/1
    58 | D:5      | Noticed a centaur
   111 | D:5      | Noticed a centaur
   205 | D:4      | Reached XP level 2. HP: 8/27 MP: 2/2
   205 | D:4      | Reached XP level 3. HP: 10/33 MP: 3/3
  1684 | D:1      | Reached XP level 4. HP: 34/41 MP: 4/4
  2539 | D:2      | Reached XP level 5. HP: 12/49 MP: 5/5
  2547 | D:1      | Slain by a gnoll

Illustrated notes

Levels and vault maps discovered:
D:1:      psy_arrival_dodecagon, layout_loops_corners
D:2:      layout_loops_ring, chequers_avenue, serial_bayou_pond_b
D:3:      layout_loops_corners, nicolae_overflow_crystal_walls,
          kennysheep_slug_shrine
D:4:      layout_rooms, lemuel_crystal_altar
D:5:      layout_cave_pools, eat_drink_and_be_merry_uskayaw,
          minmay_fractal_squares_diagonal_5

Skill      XL: |  1  2  3  4 |
---------------+-------------+-----
Dodging        | 2 |  2.2
Axes           | 3 |  3.3
Fighting       | |  3.9
Stealth        | |  3.6
Shields        | |  0.6

Action                   |  1- 3 |  4- 6 || total
-------------------------+-------+-------++-------
Melee: Hand axe          |    95 |    71 ||   166
       Tailslap          |     7 |     5 ||    12
  Use: Potion            |     1 |       ||     1
 Stab: Sleeping          |     4 |     5 ||     9
Armor: Leather armour    |    25 |    18 ||    43
Dodge: Dodged            |    49 |    36 ||    85
Block: Buckler           |     2 |     5 ||     7

Table legend: (Time is in decaauts)
 A = Elapsed time spent in this place.
 B = Non-inter-level travel time spent in this place.
 C = Inter-level travel time spent in this place.
 D = Time resting spent in this place.
 E = Time spent auto-exploring this place.
 F = Levels seen in this place.
 G = Mean time per level.
                   A        B        C        D        E       F      G
               +--------+--------+--------+--------+--------+-----+--------+
         Total |   2576 |   2502 |     74 |    612 |   1070 |   5 |  515.2 |
       Dungeon |   2576 |   2502 |     74 |    612 |   1070 |   5 |  515.2 |
               +--------+--------+--------+--------+--------+-----+--------+

Top non-repeatable levels by time:
     D:1: 1196 daAuts
     D:3: 679 daAuts
     D:4: 313 daAuts
     D:2: 271 daAuts
     D:5: 115 daAuts
